[Event "CCT Julius Baer-D1 2024"]
[Site "Online"]
[Date "2024.09.27"]
[Round "1.1"]
[White "Firouzja, Alireza"]
[Black "Bigfish"]
[Result "1-0"]
[ECO "D52"]
[WhiteElo "2856"]
[BlackElo "2828"]
[Annotator "TA"]
[PlyCount "91"]
[EventDate "2024.09.25"]
[EventType "swiss"]
[EventCountry "NET"]
[SourceTitle "playchess.com"]
[Source "ChessBase"]
[SourceQuality "1"]
[TimeControl "600+2"]

1. d4 d5 2. c4 c6 3. Nf3 Nf6 4. Nc3 e6 5. Bg5 Nbd7 6. e3 Qa5 7. cxd5 Nxd5 8. Qd2 Bb4 9. Rc1 h6 10. Bh4 O-O 11. a3 Bxc3 12. bxc3 N5f6 {[%emt 0:00:09] The position is equal.} 13. Bd3 b6 14. e4 Ba6 15. c4 Qxd2+ 16. Kxd2 Rfe8 17. e5 Nh5 18. Be4 Rac8 19. g4 Nf4 20. Bg3 Ng6 21. Rhe1 $1 $36 {[%emt 0:00:02][%mdl 2048] White has the initiative.} c5 22. d5 exd5 23. cxd5 Rcd8 (23... Ndxe5 $6 24. Bxe5 Nxe5 25. Nxe5 Rxe5 26. Bh7+ Kxh7 27. Rxe5 $16) (23... Ngxe5 $6 24. Bxe5 (24. Nxe5 Nxe5 25. Bxe5 Rxe5 $16) 24... Nxe5 25. Nxe5 Rxe5 26. Bh7+ Kxh7 27. Rxe5 $16) 24. Kc3 Bb7 (24... Ngxe5 25. Nxe5 Nxe5 26. Bxe5 Rxe5 27. Bh7+ Kxh7 28. Rxe5 $16) 25. a4 Ndf8 (25... Ngxe5 26. Nxe5 Nxe5 27. Bxe5 Rxe5 28. Bh7+ Kxh7 29. Rxe5 $16) 26. Rcd1 Ne7 (26... a6 $1 $14) 27. d6 $1 $16 Bxe4 28. Rxe4 Nc6 29. Nh4 {[%emt 0:00:07] White has more active pieces.} f6 30. f4 fxe5 ({Black should play} 30... g6 31. Kc4 Kg7) 31. fxe5 Re6 (31... Rd7 $16 32. Re3 Ne6) 32. Kc4 Rde8 33. Nf5 Nd7 34. Rde1 a6 $2 (34... Ncxe5+ $2 {perishes.} 35. Bxe5 Rxe5 36. Ne7+ Kh7 37. Rxe5 $18) (34... a5 35. Kb5 Rc8) 35. Kd5 $18 Nb4+ {[%emt 0:00:12] [#]} (35... Nd8 36. Rf1 (36. Ne7+ R8xe7 37. dxe7 Rxe7 $18) 36... Kh8) 36. Rxb4 $1 cxb4 37. Nd4 Rg6 38. e6 Nf6+ {[%emt 0:00:07] [#]} 39. Kc6 $1 Rxg4 40. d7 $2 (40. Be5 $18 {[%cal Oe5f6] Black must now prevent Bxf6!} Rxe6 41. Nxe6 Rc4+ 42. Kb7) 40... Rd8 $2 {[%emt 0:00:06][%mdl 8192] This move loses the game for Black.} (40... Rxd4 $16 41. dxe8=B (41. dxe8=R+ Nxe8 42. Be5 Rd2 $14) 41... Nxe8) 41. Be5 {[%emt 0:00:12][%cal Oe5f6] Hoping for Bxf6! White is clearly winning.} Nxd7 42. exd7 b3 43. Kc7 Rxd7+ 44. Kxd7 b2 45. Rb1 Re4 46. Kd6 {[%emt 0:00:01] Weighted Error Value: White=0.25 (precise) /Black=0.42.  Mistake:       	---       	Black=5      Inaccurate:     	White=2     	Black=2      OK:         	White=11    	Black=14     Strong:       	White=2     	---        Brilliant:      	White=1     	---} 1-0

[Event "CCT Julius Baer-D1 2024"]
[Site "Online"]
[Date "2024.09.27"]
[Round "1.1"]
[White "Nepomniachtchi, Ian"]
[Black "Carlsen, Magnus"]
[Result "1/2-1/2"]
[ECO "B41"]
[WhiteElo "2827"]
[BlackElo "2901"]
[Annotator "TA"]
[PlyCount "98"]
[EventDate "2024.09.25"]
[EventType "swiss"]
[EventCountry "NET"]
[SourceTitle "playchess.com"]
[Source "ChessBase"]
[SourceQuality "1"]
[TimeControl "600+2"]

1. e4 c5 2. Nf3 e6 3. d4 cxd4 4. Nxd4 a6 5. c4 Nf6 6. Nc3 Qc7 7. Be2 Bb4 8. Qd3 Nc6 9. O-O O-O 10. Bg5 Be7 11. Nf3 {[%emt 0:01:57] White is slightly better.} b6 12. Rac1 Bb7 13. Bh4 Rfd8 14. Bg3 d6 15. Nd5 exd5 16. cxd5 {[%emt 0:00:01][%cal Of3d4] Strongly threatening Nd4!} Qd7 $1 17. dxc6 Bxc6 18. e5 dxe5 19. Qxd7 Bxd7 20. Nxe5 Bb5 {[%emt 0:00:01] [#]} 21. Bf3 Rac8 {[%emt 0:00:10] [#]} (21... Bxf1 22. Nc6) 22. Nc6 $1 Bxc6 23. Rxc6 Rxc6 24. Bxc6 Bc5 25. Bf4 Rd4 26. Be5 {[%emt 0:00:35] This pair of bishops is nice.} Rc4 27. Bf3 h5 28. g3 Rc2 {[%emt 0:01:03] And now ...Ng4 would win.} 29. Bd1 Rc1 30. Bf3 Rxf1+ {[%emt 0:00:09] The position is equal.} 31. Kxf1 Ng4 32. Bxg4 hxg4 $11 {[%emt 0:00:00][%mdl 4096] Endgame. KB-KB} 33. Kg2 f5 34. f3 Kf7 35. fxg4 fxg4 36. h3 gxh3+ 37. Kxh3 g6 38. Kg4 Ke6 39. Bf4 b5 40. Kg5 Kf7 41. Bd2 Be7+ 42. Kh6 Bf8+ 43. Kh7 Bd6 44. g4 Be5 45. b3 Bd6 46. Bc1 Bc5 47. Bd2 Bd6 48. Bc1 Bc5 49. Bd2 Bd6 {[%emt 0:00:01] Weighted Error Value: White=0.05 (flawless) /Black=0.05 (flawless) .  Inaccurate:     	White=2     	Black=1      OK:         	White=19    	Black=12     Best:        	---       	Black=4      Strong:       	---       	Black=1} 1/2-1/2

[Event "CCT Julius Baer-D1 2024"]
[Site "Online"]
[Date "2024.09.27"]
[Round "1.1"]
[White "Grischuk, Alexander"]
[Black "Erigaisi, Arjun"]
[Result "1-0"]
[ECO "C79"]
[WhiteElo "2704"]
[BlackElo "2734"]
[Annotator "TA"]
[PlyCount "69"]
[EventDate "2024.09.25"]
[EventType "swiss"]
[EventCountry "NET"]
[SourceTitle "playchess.com"]
[Source "ChessBase"]
[SourceQuality "1"]
[TimeControl "600+2"]

1. e4 e5 2. Nf3 Nc6 3. Bb5 a6 4. Ba4 Nf6 5. O-O d6 6. Bxc6+ bxc6 7. Re1 Bg4 8. h3 Bxf3 9. Qxf3 {[%emt 0:00:00][%cal Od2d4] White is slightly better.} g6 {[%emt 0:00:00] [#]} (9... Nd7 $14) 10. d4 $1 $16 Bg7 11. dxe5 dxe5 12. Na3 O-O 13. Bg5 Qe7 14. Rad1 Qe6 15. Qb3 Qe7 (15... Qxb3 $142 16. axb3 (16. cxb3 a5 $16) 16... a5) 16. Nc4 Rab8 17. Qc3 {[%emt 0:00:28] White has more active pieces.} Qe6 18. b3 ({Worse is} 18. Nxe5 Nh5 19. f4 f6 20. Qxc6 Qxc6 21. Nxc6 Rxb2 $15 (21... fxg5 22. Nxb8 Rxb8 23. fxg5 $11)) 18... Nd7 19. Na5 c5 20. Re2 Rb4 21. Nc4 Nb6 22. a3 Rb5 23. Red2 (23. Na5 $18) 23... Nxc4 24. bxc4 Rbb8 25. Rd5 f5 26. Be3 fxe4 (26... Rf7 $16 27. Bxc5 Bf6) 27. Bxc5 $18 Rf4 (27... Rfe8 28. Rd7 Bh6 29. Rxc7 Rbc8) 28. Rd8+ Rxd8 29. Rxd8+ Kf7 (29... Bf8 $142 30. Qb4 e3 31. Bxf8 (31. Rxf8+ Rxf8 32. Bxf8 a5 $18) (31. fxe3 Rf1+ 32. Kh2 e4 $18) 31... exf2+ 32. Kf1 Kf7) 30. Qa5 Qc6 31. Rc8 Qf6 32. Qxc7+ {[%emt 0:00:15] White mates.} Ke6 33. Re8+ Kf5 34. Qd7+ Kg5 35. Be7 {[%emt 0:00:01] Weighted Error Value: White=0.08 (flawless) /Black=0.58.  Mistake:       	White=1     	Black=5      OK:         	White=7     	Black=5      Best:        	White=3     	Black=1      Brilliant:      	White=1     	---} 1-0

[Event "CCT Julius Baer-D1 2024"]
[Site "Online"]
[Date "2024.09.27"]
[Round "1.2"]
[White "Carlsen, Magnus"]
[Black "Nepomniachtchi, Ian"]
[Result "1/2-1/2"]
[ECO "E04"]
[WhiteElo "2899"]
[BlackElo "2829"]
[Annotator "TA"]
[PlyCount "156"]
[EventDate "2024.09.25"]
[EventType "swiss"]
[EventCountry "NET"]
[SourceTitle "playchess.com"]
[Source "ChessBase"]
[SourceQuality "1"]
[TimeControl "600+2"]

1. d4 Nf6 2. c4 e6 3. Nf3 d5 4. g3 dxc4 5. Bg2 c5 6. Qa4+ Bd7 {[%emt 0:00:37] E04: Open Catalan: 5 Nf3.} 7. Qxc4 b5 8. Qc2 Nc6 9. dxc5 Nb4 10. Qd2 $146 ({Predecessor:} 10. Qb3 Bxc5 11. a3 Nbd5 12. Ne5 Rc8 13. O-O Qb6 14. Nd2 Ne7 15. Ne4 Nxe4 16. Bxe4 {1-0 Rudolf,M (1992)-Yasmo,D (2192) Bamberg op 6th 2024 (6)}) 10... Bxc5 11. Ne5 Rc8 12. Nc3 Bd4 13. Nxd7 Qxd7 14. O-O O-O 15. Ne4 Nc2 16. Nxf6+ gxf6 17. Rb1 Rfd8 18. Qh6 Qe7 19. Bf4 f5 20. e4 Bg7 21. Qh5 fxe4 22. Bxe4 f5 23. Bxc2 Rxc2 24. Rbd1 Rcc8 25. Qe2 a6 26. Rxd8+ Rxd8 27. Re1 Re8 28. Be5 Bxe5 29. Qxe5 Kf7 30. Rc1 Qf6 31. Qd6 Re7 32. b4 Qb2 {[%emt 0:00:05] [#]} 33. Qf4 $1 Kg6 34. h4 h6 35. Rc8 Kh7 $2 (35... Rd7 $16 {was called for.}) 36. Qd6 $18 Qg7 37. h5 (37. Qxa6 Qe5 38. Qa8 f4) 37... e5 (37... Qg5 $142 38. Ra8 (38. Qxa6 f4 $18) 38... Qc1+ 39. Kg2 Qc7 40. Qxc7 (40. Rxa6 Qxd6 41. Rxd6 Kg7 $18) (40. Qxa6 Qd7 $18) 40... Rxc7 41. Rxa6 f4 42. Rxe6 (42. gxf4 Rc4 $18) 42... fxg3 43. fxg3 (43. Kxg3 Rg7+ 44. Kf4 Rf7+ 45. Ke3 Rf5 $18) 43... Rc4) 38. Qxa6 $18 f4 39. Rc3 $2 (39. Qxb5 $18 fxg3 40. Qd3+ e4 41. Qxg3) 39... e4 $16 {[%emt 0:00:04] [#]} 40. Qg6+ $2 ({White should play} 40. Qd6 $1 $16) 40... Qxg6 $11 41. hxg6+ Kxg6 42. gxf4 Ra7 43. Rc5 Rxa2 44. Rxb5 Rb2 45. Kf1 h5 46. Rg5+ Kf6 47. Rxh5 Rxb4 48. Ke2 Rb2+ 49. Ke3 Rb3+ (49... Rb1 $11) 50. Kxe4 $14 Rb4+ 51. Kf3 Rb2 52. Ra5 Rc2 53. Kg3 Rc1 54. Kg4 Rg1+ 55. Kf3 Rb1 56. Ra3 Kf5 57. Rc3 Ra1 58. Rc5+ Kf6 59. f5 (59. Rc8 $16) 59... Kg5 60. Kg3 Rg1+ 61. Kh2 Ra1 62. Kg2 Rb1 63. f3 Ra1 64. Kg3 Rg1+ 65. Kf2 Ra1 66. Ke3 Re1+ 67. Kd4 Kf6 68. f4 Rf1 69. Ke4 Re1+ 70. Kf3 Rf1+ 71. Kg3 Rg1+ 72. Kf2 Ra1 73. Re5 Rb1 74. Kf3 Rf1+ 75. Ke4 Re1+ 76. Kf3 Rf1+ 77. Ke4 Re1+ 78. Kf3 Rf1+ 1/2-1/2

[Event "CCT Julius Baer-D1 2024"]
[Site "Online"]
[Date "2024.09.27"]
[Round "1.2"]
[White "Bigfish"]
[Black "Firouzja, Alireza"]
[Result "1/2-1/2"]
[ECO "D50"]
[WhiteElo "2821"]
[BlackElo "2863"]
[Annotator "TA"]
[PlyCount "55"]
[EventDate "2024.09.25"]
[EventType "swiss"]
[EventCountry "NET"]
[SourceTitle "playchess.com"]
[Source "ChessBase"]
[SourceQuality "1"]
[TimeControl "600+2"]

1. d4 d5 2. Nf3 Nf6 3. c4 e6 4. Nc3 c5 5. Bg5 cxd4 6. Nxd4 dxc4 7. e3 Be7 8. Bxc4 O-O 9. O-O Bd7 10. Qb3 Nc6 11. Nxc6 (11. Qxb7 Na5 12. Qa6 Bc8 13. Bxf6 (13. Qb5 $2 a6 $19) 13... Bxa6 14. Bxe7 Qxe7 $15) 11... Bxc6 12. Rfd1 Qa5 13. Bf4 Rfd8 14. h3 h6 15. Ne2 (15. Bb5 $11) 15... Nd5 16. a4 Nxf4 17. Nxf4 Rxd1+ 18. Rxd1 Rd8 ({Reject} 18... Bxa4 $6 19. Qxb7 Bxd1 20. Qxa8+ Qd8 21. Qxa7 $16) (18... Bf6 $15 19. Bb5 Qb6) 19. Rxd8+ $1 $11 {[%emt 0:00:08] The position is equal.} Bxd8 {[%emt 0:00:00] A strong pair of Bishops.} 20. Bxe6 $1 fxe6 21. Qxe6+ Kh7 {[%emt 0:00:02] [#] ...Qe1+ is the strong threat.} 22. Qg6+ Kh8 (22... Kg8 $5 23. Qe6+ $8 Kh7 (23... Kh8 24. Ng6+ Kh7 25. Nf8+ Kh8 26. Ng6+ Kh7 27. Nf8+ Kh8 28. Ng6+ $11) 24. Qg6+ Kh8 $11) 23. Qf7 {[%emt 0:00:01] Prevents Bc7.} Bf6 24. Ng6+ Kh7 25. Nf8+ Kh8 26. Ng6+ Kh7 27. Nf8+ Kh8 28. Ng6+ {[%emt 0:00:01] Weighted Error Value: White=0.10 (very precise) /Black=0.09 (flawless) .  Mistake:       	White=1     	Black=1      Inaccurate:     	White=1     	Black=1      OK:         	White=8     	Black=5      Best:        	---       	Black=1      Strong:       	White=2     	---} 1/2-1/2

[Event "CCT Julius Baer-D1 2024"]
[Site "Online"]
[Date "2024.09.27"]
[Round "1.2"]
[White "LevonAronian"]
[Black "Vachier-Lagrave, Maxime"]
[Result "1/2-1/2"]
[ECO "B90"]
[WhiteElo "2784"]
[BlackElo "2884"]
[Annotator "TA"]
[PlyCount "109"]
[EventDate "2024.09.25"]
[EventType "swiss"]
[EventCountry "NET"]
[SourceTitle "playchess.com"]
[Source "ChessBase"]
[SourceQuality "1"]
[TimeControl "600+2"]

1. e4 c5 2. Nf3 d6 3. d4 cxd4 4. Nxd4 Nf6 5. Nc3 a6 6. Bd3 e5 {[%emt 0:00:04] 6...g6 wint aan populariteit.} 7. Nde2 $1 Nc6 {[%emt 0:00:04] B90: Siciliaans Najdorf: Ongebruikelijke Wit 6e zetten, 6 Le3 Pg4 en 6 Le3 e5.} 8. Bg5 Be7 {[%emt 0:00:15][%cal Of6e4] OK} 9. Bxf6 Bxf6 10. Bc4 {[%emt 0:00:08] OK} Be6 {[%emt 0:00:11] OK} 11. Bb3 $146 {[%emt 0:00:01] OK} ({Predecessor:} 11. Nd5 Bg5 12. O-O Na5 {½-½ Nevednichy,V (2563)-Hulak,K (2536) SLO-chT Murska Sobota 2006 (7)}) 11... O-O {[%emt 0:00:14] OK} 12. O-O {[%emt 0:00:03] OK} Rc8 {[%emt 0:00:23] OK} 13. Nd5 {[%emt 0:00:38] OK} Bg5 {[%emt 0:00:02] OK} 14. Qd3 {[%emt 0:00:19] OK} Kh8 15. Rad1 Na5 {[%emt 0:00:17] OK} 16. Nec3 {[%emt 0:00:35] Onnauwkeurig} g6 {[%emt 0:00:52] Fout (0.5)} ({Zwart zou moeten spelen} 16... b5 $11) 17. f4 {[%emt 0:00:44] Onnauwkeurig} exf4 {[%emt 0:00:34] OK} 18. Qd4+ {[%emt 0:00:01] OK} Kg8 {[%emt 0:00:04] Beste (Gemakkelijk)} 19. Nxf4 {[%emt 0:00:01] Fantastisch paardenconcours. OK} Nxb3 {[%emt 0:00:11] OK} 20. cxb3 Bf6 21. Qxd6 Qxd6 22. Rxd6 Bxc3 {[%emt 0:00:01] Fout (0.6)} (22... Be5 $1 $11 23. Rd2 Bxc3 24. bxc3 Rxc3 25. Nxe6 fxe6) 23. bxc3 $14 Rxc3 24. Nxe6 {[%emt 0:00:16] OK} fxe6 25. Rxe6 $11 {[%emt 0:00:07][%mdl 4096] Eindspel. KRR-KRR} Rd8 {[%emt 0:00:29] Onnauwkeurig} 26. h4 {[%emt 0:01:35] Onnauwkeurig} Rc2 {[%emt 0:00:03] Beste} 27. Rf3 Rxa2 {[%emt 0:00:15] OK} 28. Re7 {[%emt 0:00:22][%cal Of3c3] OK} Rdd2 {[%emt 0:01:30][%cal Rd2g2] OK} 29. Rg3 {[%emt 0:00:06][%cal Oe4e5] OK} Re2 {[%emt 0:01:12] Onnauwkeurig} 30. e5 b5 {[%emt 0:00:56] [#] Fout (0.6)} (30... b6 $142) 31. h5 {[%emt 0:00:16] Fout (1.0)} ({Beter is} 31. e6 $1 $16) 31... Kf8 $14 {[%emt 0:00:01][%csl LRe7,LRh5] Beste (Gemakkelijk)} 32. Rxh7 {[%emt 0:00:02] Beste} gxh5 {[%emt 0:00:01] OK} 33. Rxh5 a5 {[%emt 0:00:23] [#] Blijft stabiel. Fout (1.0)} (33... Kf7 $11) 34. Rg6 $1 $16 {[%emt 0:00:02] Sterk} Re1+ 35. Kh2 {[%emt 0:00:02] Sterke dreiging met Rf6+.} Rae2 {[%emt 0:00:00][%cal Re2e5] OK} 36. Rf6+ {[%emt 0:00:16] OK} Kg7 37. Rg5+ {[%emt 0:00:02] OK} Kh7 {[%emt 0:00:01][%cal Re2e5] Beste (Gemakkelijk)} 38. Rf4 {[%emt 0:01:24] Fout (0.6)} ({Wit zou moeten proberen} 38. Rh5+ $14 Kg7 39. Rg5+ Kh7 40. e6) 38... Re4 $11 {[%emt 0:00:20] OK. De stelling is in evenwicht.} 39. Rff5 a4 {[%emt 0:00:16] OK} 40. bxa4 {[%emt 0:00:01] OK} bxa4 41. Rf7+ {[%emt 0:00:17] OK} Kh6 {[%emt 0:00:02] OK} 42. Rg8 Rxe5 {[%emt 0:00:09] OK} 43. Ra7 {[%emt 0:00:10] OK} Rh5+ 44. Kg3 {[%emt 0:00:01] Dreigt te winnen met Rh8+.} Rg5+ {[%emt 0:00:02] OK} 45. Rxg5 {[%emt 0:00:01] OK} Kxg5 {[%emt 0:00:00] KR-KR} 46. Ra5+ Kg6 {[%emt 0:00:01] OK} 47. Rxa4 {[%emt 0:00:01] OK} Rb1 48. Kf4 Rf1+ 49. Kg4 Rf6 {[%emt 0:00:01] OK} 50. Ra5 {[%emt 0:00:02] OK} Rb6 {[%emt 0:00:01] OK} 51. Rg5+ Kh7 {[%emt 0:00:08] OK} 52. Re5 Kg6 53. Rg5+ Kh7 {[%emt 0:00:01] OK} 54. Re5 Kg6 55. Rg5+ {[%emt 0:00:01] Blunder waarde: Wit=0.09 (foutloos) /Zwart=0.12 (erg precies) .  Fout:        	Wit=2      	Zwart=4      Onnauwkeurig:    	Wit=3      	Zwart=2      OK:         	Wit=18     	Zwart=22     Beste:        	Wit=1      	Zwart=4      Sterk:        	Wit=1      	---} 1/2-1/2

[Event "CCT Julius Baer-D1 2024"]
[Site "Online"]
[Date "2024.09.27"]
[Round "1.2"]
[White "Erigaisi, Arjun"]
[Black "Grischuk, Alexander"]
[Result "1-0"]
[ECO "D35"]
[WhiteElo "2725"]
[BlackElo "2713"]
[Annotator "TA"]
[PlyCount "83"]
[EventDate "2024.09.25"]
[EventType "swiss"]
[EventCountry "NET"]
[SourceTitle "playchess.com"]
[Source "ChessBase"]
[SourceQuality "1"]
[TimeControl "600+2"]

1. d4 d5 2. c4 e6 3. Nc3 Be7 4. Nf3 Nf6 5. cxd5 exd5 6. Bf4 c6 7. h3 Bf5 8. e3 Qb6 9. Bd3 Bxd3 10. Qxd3 Nbd7 {[%emt 0:00:36] Die Stellung ist ausgeglichen.} 11. O-O-O O-O 12. Nh4 g6 13. Nf3 Rfe8 14. h4 h5 15. Ng5 Bb4 16. f3 Qa5 17. Kb1 $1 Bxc3 18. Qxc3 Qxc3 19. bxc3 Nb6 20. Rhe1 Nc4 21. e4 dxe4 22. fxe4 Rad8 23. Kc2 Ng4 24. Re2 f6 25. Nf3 Rd7 26. a4 a5 (26... b5 $11) 27. Kb3 (27. Nd2 $14 b5 28. axb5 cxb5 29. Nxc4 bxc4 30. d5) 27... b5 $11 28. d5 Nb6 {[%emt 0:02:01][%csl LRa4,LRd5] Hervorragende Reitkunst.} 29. axb5 cxb5 30. d6 Rc8 31. Nd4 Rc5 32. Ra2 Ne5 (32... g5 $11 33. Bg3 gxh4 34. Bxh4 Nc4) 33. Rxa5 {[%emt 0:00:22] Weiß steht aktiver.} Rxd6 34. Rda1 (34. Rxb5 $2 Rxb5+ 35. Kc2 Ra5 36. Bxe5 fxe5 $19) 34... Nbc4 $2 {[%emt 0:00:11][%mdl 8192] [#] Das kostet Schwarz die Partie.} (34... Rd7 $14) 35. Ra8+ $1 $18 ({Und nicht} 35. Rxb5 Nd2+ 36. Kc2 (36. Bxd2 Rxb5+ 37. Nxb5 Rxd2 $11) 36... Nxe4 37. Rxc5 Nxc5 $11) 35... Kf7 36. Rh8 Rd7 {[%emt 0:00:02] Wehrt Ra7 ab} (36... Nb6 37. Ra6 Ke7 (37... Rxc3+ $2 38. Kxc3 Na4+ 39. Rxa4 $18) 38. Rh7+ Ke8) 37. Raa8 Ke7 38. Rh7+ (38. Rhe8+ $142 Kd6 39. Ra6+ Kc7 40. Ne6+ (40. Rxf6 Kb7 $18) 40... Kb7 41. Nxc5+ Kc7 42. Ra7+ Kb6 43. Rxd7 (43. Nxd7+ Kxa7 44. Bxe5 fxe5 $18) 43... Na5+ 44. Kc2 Nxd7 45. Nxd7+ Ka7 46. Nxf6) 38... Nf7 39. Ra6 (39. Bh6 $142 Kd6 40. Bf8+ Ke5 41. Bxc5 Kxe4 42. Ba3 (42. Nxb5 Nce5 $18)) 39... Nce5 $2 (39... Rc8 40. Rg7 (40. Nxb5 Kf8 $16) 40... Kf8 41. Rxg6 Nce5 42. Rgxf6 Ng4) 40. Re6+ $2 (40. Bxe5 fxe5 41. Nc6+ Rxc6 42. Rxc6) 40... Kf8 {[%emt 0:00:01] [#] Und jetzt ...Kg8 wäre schön.} 41. Rxf6 Kg8 {[%emt 0:00:02] Lässt Ne6 nicht zu} 42. Ne6 $1 {[%emt 0:00:01] Gewichteter Fehlerwert: Weiß=0.45/Schwarz=0.49.  Verlustzug:     	---       	Schwarz=1     Fehler:       	Weiß=1     	Schwarz=3     Ungenau:       	Weiß=3     	Schwarz=2     OK:         	Weiß=11    	Schwarz=11    Bester:       	Weiß=2     	Schwarz=5     Stark:        	Weiß=3     	---} 1-0